AoeStats
← MonoLink

Arabian Desert

510428446Analyzed
1v1 RM · 2d ago on Oct 1, 2026· 20m 5s· 2 players
Game mode
Random Map
Map size
Tiny (2 player)
Population
200
Speed
Normal
Resources
Standard
Victory
Conquest
Starting age
Dark Age
Ending age
Imperial Age
RankedLock teamsTeams togetherTeam positionsShared explorationLock speedFull tech treeHidden civsTurbo modeCheats
Victory
Defeat
🇲🇽 Mongols · Mexico
1590
+14
🇲🇽 Huns · Mexico
1542
-14
No Pauses
6:46 Loom
9:21 Feudal Age
10:03 Double-Bit Axe
20:04 Wheelbarrow
MonoLink
5:50 Loom
8:44 Feudal Age
9:26 Double-Bit Axe
19:16 Fletching
Connection lost

Rejoining the realm…

Still unreachable

The connection could not be restored.

Session expired

The server has moved on; the page needs a fresh start.